Map: Ley Lines

Players

lololok

  • Race: Protoss Protoss
  • League: Master
  • Spawn Location: 1:00

ManlyManMeat - Winner!

  • Race: Zerg Zerg
  • League: Master
  • Spawn Location: 7:00

VOD

Have the link to the VOD?

Description

Time

  • Played on: June 18, 2025, 5:25 a.m.
  • Length: 10:27
Show
View Real Time Build Order
Export as new Build Order

lololok Protoss 

Build Orders: Blink Stalkers, Zealot Archon 

Get SALT Encoding   

  12  0:00  Probe  
  13  0:14  Probe  
  14  0:27  Pylon  
  14  0:31  Probe  
  15  0:43  Probe  
  16  0:51  Probe  
  16  0:52  Gateway  
  17  1:00  Probe, Assimilator  
  18  1:12  Probe  
  19  1:24  Probe  
  20  1:38  Probe  
  20  1:50  Nexus  
  20  1:52  Pylon  
  20  1:54  Cybernetics Core  
  20  1:56  Probe  
  21  2:10  Assimilator  
  21  2:12  Probe  
  22  2:18  Stalker  
  22  2:24  Probe  
  23  2:32  Warp Gate  
  23  2:36  Probe  
  26  2:41  Twilight Council  
  26  2:48  Probe  
  26  2:50  Gateway  
  27  3:01  Probe  
  27  3:05  Probe  
  29  3:08  Robotics Facility  
  29  3:13  Probe  
  29  3:17  Probe  
  31  3:22  Blink  
  31  3:25  Probe  
  32  3:29  Probe  
  33  3:41  Gateway  
  33  3:42  Gateway  
  33  3:50  Probe x2  
  35  4:02  Probe  
  36  4:12  Probe  
  36  4:14  Probe  
  38  4:19  Stalker  
  40  4:27  Probe x2, Assimilator  
  40  4:31  Assimilator  
  42  4:34  Pylon  
  42  4:35  Stalker  
  44  4:39  Probe x2  
  44  4:40  Dark Shrine  
  46  4:52  Probe, Warp Prism  
  49  4:54  Pylon  
  49  4:56  Pylon  
  49  4:58  Stalker x2  
  53  5:02  Probe  
  54  5:12  Probe  
  55  5:14  Probe  
  55  5:17  Stalker x2  
  55  5:18  Pylon  
  55  5:20  Pylon  
  60  5:24  Probe  
  60  5:26  Sentry  
  63  5:59  Dark Templar x3  
  69  6:07  Dark Templar  
  67  6:50  Zealot x4  
  75  6:57  Immortal  
  71  7:18  Gateway  
  71  7:19  Gateway  
  71  7:22  Gateway  
  71  7:25  Gateway  
  71  7:28  Gateway  
  71  7:29  Dark Templar x3  
  77  7:30  Dark Templar  
  77  7:36  Archon x2  
  79  7:39  Immortal  
  79  7:41  Nexus  
  79  7:42  Pylon  
  83  7:44  Pylon  
  83  7:49  Archon  
  83  8:03  Pylon  
  83  8:08  Pylon  
  83  8:09  Pylon  
  82  8:16  Zealot x2  
  71  8:31  Zealot  
  71  8:32  Zealot x6  
  60  8:41  Dark Templar x2  
  52  8:52  Dark Templar x5  
  52  8:53  Dark Templar  
  58  9:03  Cybernetics Core  
  58  9:09  Archon x3  
  58  9:10  Archon  
  58  9:12  Zealot  
  60  9:17  Immortal  
  60  9:21  Nexus  
  60  9:23  Pylon  
  60  9:26  Pylon  
  64  9:45  Zealot x3  
  66  9:46  Zealot  
  50  10:04  Zealot x3  
  50  10:05  Zealot  
  53  10:08  Stalker x5  
Show
View Real Time Build Order
Export as new Build Order

ManlyManMeat Zerg - Winner!

Build Orders: Hatch First 

Get SALT Encoding   

  12  0:00  Drone  
  13  0:08  Drone  
  14  0:18  Overlord  
  14  0:39  Hatchery  
  13  0:43  Drone  
  14  0:53  Drone x2  
  16  1:02  Drone  
  17  1:13  Drone  
  17  1:18  Spawning Pool  
  17  1:20  Extractor  
  16  1:38  Drone  
  16  1:39  Drone x2  
  19  1:51  Drone  
  19  1:53  Drone  
  21  2:05  Queen  
  21  2:06  Queen  
  21  2:07  Drone  
  26  2:10  Drone  
  27  2:25  Zergling x2  
  27  2:27  Overlord  
  27  2:28  Overlord  
  28  2:38  Metabolic Boost  
  28  2:46  Queen  
  28  2:47  Drone  
  28  2:48  Drone  
  28  2:49  Drone  
  33  2:58  Drone x3  
  36  3:12  Drone x3, Roach Warren  
  38  3:27  Drone x2  
  38  3:28  Drone x2  
  38  3:31  Extractor x2  
  38  3:33  Drone x4  
  44  3:35  Extractor  
  44  3:41  Overlord  
  43  3:50  Zergling x2  
  44  3:56  Overlord x2  
  44  3:58  Overlord  
  44  3:59  Overlord  
  44  4:00  Drone  
  44  4:01  Drone x2  
  47  4:17  Roach x2  
  47  4:18  Roach x3  
  47  4:23  Drone x2, Evolution Chamber  
  47  4:24  Drone  
  59  4:25  Evolution Chamber  
  58  4:42  Overlord  
  58  4:45  Lair  
  58  4:48  Roach x3  
  58  4:49  Roach  
  66  5:00  Drone  
  66  5:01  Drone x3  
  70  5:07  Roach  
  70  5:08  Roach x2  
  70  5:09  Overlord x2  
  76  5:27  Zerg Ground Armor Level 1, Zerg Missile Weapons Level 1  
  76  5:31  Drone  
  77  5:51  Roach  
  77  5:52  Roach x6  
  91  6:00  Glial Reconstitution  
  91  6:04  Hydralisk Den, Spore Crawler  
  90  6:05  Drone, Spore Crawler  
  90  6:06  Drone  
  90  6:07  Drone x2  
  92  6:17  Overlord x4  
  92  6:30  Hatchery  
  91  6:46  Overseer  
  91  6:47  Overseer x2  
  88  7:18  Roach x18  
  124  7:25  Zerg Ground Armor Level 2, Zerg Missile Weapons Level 2  
  124  7:50  Hatchery  
  123  8:04  Overlord x4  
  123  8:26  Roach x8  
  123  8:27  Roach x4  
  145  8:28  Ravager x2  
  145  8:29  Ravager  
  145  8:30  Ravager x2  
  146  8:41  Ravager  
  145  8:42  Ravager  
  145  8:47  Roach  
  145  8:48  Roach x3  
  134  8:58  Roach  
  99  9:17  Roach x5  
  109  9:35  Overseer  
  109  9:36  Overseer  
  109  9:37  Roach x12  
  131  10:00  Roach x6  
Tags
 
Add a new tag
Caveats
  • Supply blocks, unpowered buildings, or Contaminate may cause inaccurate times.
  • Supply counts are checked every 10 seconds.